 Dungeon Crawl Stone Soup version 0.21-a0-437-ge5bf024 (webtiles) character file.

115 kiturien the Shield-Bearer (level 4, -2/40 HPs)
             Began as a Minotaur Fighter on Nov 9, 2017.
             Slain by an orc warrior
             ... wielding a +0 halberd
              (27 damage)
             ... on level 3 of the Dungeon.
             The game lasted 00:04:30 (1925 turns).

kiturien the Shield-Bearer (Minotaur Fighter)       Turns: 1925, Time: 00:04:32

Health: -2/40      AC:  9    Str: 22    XL:     4   Next: 68%
Magic:  3/3        EV:  6    Int:  5    God:
Gold:   110        SH: 10    Dex:  9    Spells: 3/3 levels left

rFire    . . .     SeeInvis .   a - +0 war axe
rCold    . . .     Gourm    .   c - +0 shield
rNeg     . . .     Faith    .   m - +0 chain mail
rPois    .         Spirit   .   (helmet restricted)
rElec    .         Reflect  .   (no cloak)
rCorr    .         Harm     .   (no gloves)
MR       .....                  (no boots)
Stlth    ..........             (no amulet)
HPRegen  0.13/turn              (no ring)
MPRegen  0.08/turn              (no ring)

@: no status effects
A: retaliatory headbutt, horns 2
a: no special abilities


You were on level 3 of the Dungeon.
You were not hungry.

You visited 1 branch of the dungeon, and saw 3 of its levels.

You collected 110 gold pieces.

Inventory:

Hand Weapons
 a - a +0 war axe (weapon)
Armour
 c - a +0 shield (worn)
 m - a +0 chain mail (worn)
Jewellery
 b - a +3 ring of evasion {unknown}
Scrolls
 e - a scroll of identify {unknown}
 g - a scroll of magic mapping {unknown}
 i - 3 scrolls of recharging {unknown}
 k - a scroll of immolation {unknown}
 n - a scroll of remove curse {unknown}
 p - a scroll of random uselessness {unknown}
 s - a scroll of amnesia {unknown}
Potions
 d - a potion of might
 j - a potion of curing
 o - a potion of degeneration {unknown}
 q - a potion of resistance {unknown}
Comestibles
 f - 2 bread rations
 h - a royal jelly
 l - a fruit
 r - 4 chunks of flesh


   Skills:
 + Level 4.1 Fighting
 + Level 2.8 Axes
 + Level 4.1 Armour
 + Level 2.0 Dodging
 + Level 5.2 Shields


You had 3 spell levels left.
You didn't know any spells.

Dungeon Overview and Level Annotations

Branches:
Dungeon (3/15)

Altars:


Innate Abilities, Weirdness & Mutations

You reflexively headbutt those who attack you in melee.
You have a pair of horns on your head.


Message History

An orc warrior comes into view. It is wielding a halberd.
An adder comes into view.
There are monsters nearby!
There are monsters nearby!
The orc priest looks braver for a moment.
The orc warrior hits you with a halberd!
You closely miss the orc warrior.
The orc warrior hits you with a halberd.
Your chain mail prevents you from hitting the orc warrior.
You headbutt the orc warrior.
The orc warrior is lightly wounded.
The orc warrior hits you with a halberd.
You slash the orc warrior!
The orc warrior is moderately wounded.
You block the orc warrior's attack.
Your chain mail prevents you from hitting the orc warrior.
The orc warrior is moderately wounded.
The orc warrior hits you with a halberd!!
Ouch! That really hurt!
You die...

#.# .# #.##
.# #..# .#
##.##.#
#..#.#
##.#.# #...#
#########..#
#.Soo@....>#
#.##########


You could see an orc warrior, an orc priest and an adder.

Vanquished Creatures
  3 adders (D:2)
  An ooze (D:1)
  3 worms (D:3)
  3 dart slugs
  3 leopard geckos
  5 orcs (D:3)
  4 giant cockroaches
  9 goblins
  5 hobgoblins
  4 jackals (D:2)
  A quokka (D:2)
  3 bats (D:2)
  A frilled lizard (D:2)
  8 kobolds
  5 rats
58 creatures vanquished.

Notes
Turn   | Place    | Note
-------+----------+-------------------------------------------
     0 | D:1      | kiturien the Minotaur Fighter began the quest for the Orb.
     0 | D:1      | Reached XP level 1. HP: 19/19 MP: 0/0
   132 | D:1      | Reached XP level 2. HP: 21/27 MP: 1/1
   229 | D:1      | Reached skill level 1 in Dodging
   283 | D:1      | Reached XP level 3. HP: 33/33 MP: 2/2
   699 | D:2      | Reached skill level 4 in Shields
   973 | D:2      | Reached XP level 4. HP: 35/40 MP: 3/3
  1025 | D:2      | Reached skill level 5 in Shields
  1918 | D:3      | Noticed an orc warrior
  1925 | D:3      | Slain by an orc warrior

Vault maps used:
D:1:      noname_arrival_rooms_in_the_neighbourhood
D:2:      minmay_bisected
D:3:      first_bread

Skill      XL: |  1  2  3  4 |
---------------+-------------+-----
Armour         | 4 |  4.1
Fighting       | 4 |  4.1
Dodging        | 1 2 |  2.0
Shields        | 4 5 |  5.2
Axes           | |  2.8

Action                   |  1- 3 |  4- 6 || total
-------------------------+-------+-------++-------
Melee: War axe           |    87 |    56 ||   143
       Headbutt          |    13 |     7 ||    20
  Use: Potion            |       |     2 ||     2
 Stab: Invisible         |       |     1 ||     1
  Eat: Chunk             |       |     3 ||     3
Armor: Scale mail        |    13 |       ||    13
       Chain mail        |    32 |    14 ||    46
Dodge: Dodged            |    34 |    12 ||    46
Block: Shield            |    47 |    24 ||    71

Table legend:
 A = Spawn XP
 B = Non-spawn XP
 C = Spawn XP percentage of total XP
 D = Spawn monster count
 E = Non-spawn monster count
 F = Spawn count percentage of total count
 G = Total turns spent on level
                    A         B        C        D         E        F      G
               +---------+---------+-------+---------+---------+-------+---------
         Total |       0 |     165 |   0.0 |       0 |      58 |   0.0 |  1925
               +---------+---------+-------+---------+---------+-------+---------
           D:1 |       0 |      49 |   0.0 |       0 |      22 |   0.0 |   651
           D:2 |       0 |      76 |   0.0 |       0 |      22 |   0.0 |   811
           D:3 |       0 |      40 |   0.0 |       0 |      14 |   0.0 |   463
               +---------+---------+-------+---------+---------+-------+---------
